 Dungeon Crawl Stone Soup version 0.32-a0-900-g30fb1b0edc (webtiles) character file.

Game seed: 15082875627293926139

12633 HilariousDeathArtist the Skirmisher (level 11, 0/96 HPs)
             Began as a Coglin Wanderer on Apr 5, 2024.
             Was a High Priest of Sif Muna.
             Slain by a harpy simulacrum (3 damage)
             ... in an ice cave.
             The game lasted 00:17:56 (12744 turns).

HilariousDeathArtist the Skirmisher (CoWn)         Turns: 12744, Time: 00:17:57

Health: 0/96       AC: 11    Str: 11 (12) XL:     11   Next: 96%
Magic:  11/11      EV:  9    Int:  9 (10) God:    Sif Muna [*****.]
Gold:   354        SH:  0    Dex: 18 (20) Spells: 10/10 levels left

rFire   + . .        a - +1 shortbow (elec) {Hua}
rCold   + . .        (shield currently unavailable)
rNeg    . . .        h - +2 scale mail {rPois}
rPois   +            b - +0 helmet
rElec   +            g - +0 cloak
rCorr   +            (no gloves)
SInv    .            k - +0 pair of boots
Will    .....        (amulet unavailable) Stlth
                     (ring unavailable)
HPRegen 0.36/turn    (ring unavailable)
MPRegen 0.12/turn    (no gizmo)

%: no passive effects
@: resistant, hasted, very quick
A: off-hand wielding, slow wielding, warmup strikes, no jewellery
a: Invent Gizmo, Renounce Religion, Channel Magic, Forget Spell, Divine Exegesis


You were in an ice cave.
You worshipped Sif Muna.
Sif Muna was extremely pleased with you.
You visited 1 branch of the dungeon, and saw 12 of its levels.
You also visited: Sewer and Ice Cave.

You collected 490 gold pieces.
You spent 136 gold pieces at shops.

Inventory:

Hand Weapons
 a - a +1 shortbow of electrocution (weapon) {Hua}
 u - a +0 orcbow of flaming
   (You bought it in a shop on level 8 of the Dungeon)
Missiles
 d - 10 boomerangs
 s - 126 stones
 A - 24 poisoned darts
 I - 5 atropa-tipped darts
 L - a curare-tipped dart
Armour
 b - a +0 helmet (worn)
 g - a +0 cloak (worn)
   (You found it on level 1 of the Dungeon)
 h - a +2 scale mail of poison resistance (worn)
   (You found it on level 1 of the Dungeon)
 k - a +0 pair of boots (worn)
   (You found it on level 2 of the Dungeon)
 r - a +2 robe of willpower
   (You found it in a sewer)
Magical Staves
 l - a staff of death {rN+}
   (You found it on level 9 of the Dungeon)
 w - a staff of conjuration
   (You found it on level 3 of the Dungeon)
Talismans
 f - a dragon-blood talisman
   (You found it on level 1 of the Dungeon)
 i - a beast talisman
   (You found it on level 2 of the Dungeon)
 o - a flux talisman
   (You found it on level 7 of the Dungeon)
 v - a beast talisman
   (You found it on level 4 of the Dungeon)
Wands
 j - a wand of polymorph (1)
   (You took it off a kobold on level 8 of the Dungeon)
 m - a wand of roots (1)
   (You found it on level 3 of the Dungeon)
 p - a wand of paralysis (5)
   (You found it on level 10 of the Dungeon)
 q - a wand of flame (7)
   (You took it off a gnoll on level 8 of the Dungeon)
 t - a wand of quicksilver (2)
   (You found it on level 9 of the Dungeon)
Scrolls
 c - 4 scrolls of fog
 n - 4 scrolls of noise {!r}
 x - 2 scrolls of enchant weapon
 y - 2 scrolls of revelation
 z - a scroll of torment {!r}
 E - 2 scrolls of fear
 F - a scroll of brand weapon
 G - 5 scrolls of amnesia
 K - a scroll of immolation {!r}
 O - a scroll of silence
 Q - a scroll of enchant armour
 T - a scroll of poison
 Y - 2 scrolls of teleportation {@r3}
Potions
 e - a potion of ambrosia {unknown}
 B - 2 potions of might
 C - 2 potions of degeneration {!q}
 H - a potion of haste
 M - a potion of magic
 P - 4 potions of lignification {!q}
 S - a potion of cancellation {unknown}
 U - 2 potions of mutation {!q}


   Skills:
 + Level 12.6 Fighting
 * Level 13.4 Ranged Weapons
 + Level 3.9 Dodging


You had 10 spell levels left.
You didn't know any spells.
Your spell library contained the following spells:

 Spells                   Type           Power      Damage    Failure   Level
 Slow                     Hex            0%         N/A       95%         1
 Lesser Beckoning         Tloc           0%         N/A       98%         2
 Sublimation of Blood     Necr           0%         N/A       98%         2
 Confusing Touch          Hex            0%         N/A       100%        3
 Dazzling Flash           Conj/Hex       0%         N/A       100%        3
 Frozen Ramparts          Ice            0%         1d1       100%        3
 Maxwell's Portable Pile  Tloc           0%         2d(5-13)  100%        3
 Mephitic Cloud           Conj/Alch/Air  0%         N/A       100%        3
 Ozocubu's Armour         Ice            0%         N/A       100%        3
 Teleport Other           Tloc           0%         N/A       100%        3
 Vampiric Draining        Necr           0%         2d6       100%        3
 Anguish                  Hex/Necr       0%         N/A       100%        4
 Cause Fear               Hex            0%         N/A       100%        4
 Leda's Liquefaction      Alch/Erth      0%         N/A       100%        4
 Petrify                  Alch/Erth      0%         N/A       100%        4
 Curse of Agony           Necr           0%         N/A       100%        5
 Irradiate                Conj/Alch      0%         3d11      100%        5
 Lee's Rapid Deconstruct  Erth           0%         3d4*      100%        5
 Metabolic Englaciation   Hex/Ice        0%         N/A       100%        5
 Silence                  Hex/Air        0%         N/A       100%        5
 Permafrost Eruption      Ice/Erth       0%         2x4d1     100%        6
 Starburst                Conj/Fire      0%         6d3       100%        6
 Enfeeble                 Hex            0%         N/A       100%        7
 Maxwell's Capacitive Co  Air            0%         ∞         100%        8


Dungeon Overview and Level Annotations

Branches:
Dungeon (12/15)            Temple (0/1) D:6             Orc (0/2) D:12
  Sewer (visited)           IceCv (1/1)
   Lair: D:8-11

Altars:
Dithmenos
Fedhas
Sif Muna
The Shining One

Shops:
D:2 (   D:8 [(

Annotations:
D:10 1 transporter, 2 runed translucent doors, Maggie; scarr's ghost, journeyman DrAE
D:11 Fannar IceCv exclusions: 2 ice statues and 33 more exclusions


Innate Abilities, Weirdness & Mutations

You can wield a second weapon in your off-hand.
It takes a long time for you to wield or remove held weapons.
Your first few attacks do less damage.
You cannot equip rings or amulets.


Message History

You shoot an arrow. The arrow hits the ice devil.
You kill the ice devil!
Sif Muna accepts your kill.
You start resting.
Health restored: 96
Press: ? - help, v - describe, . - travel The floor.
There is a cloud of freezing vapour here.
You're in a travel-excluded area, stopping explore.
The ice statue gestures.
A polar bear simulacrum comes into view.
You shoot an arrow.
The arrow hits the polar bear simulacrum but does no damage.
Lightning courses through the polar bear simulacrum!
You shoot an arrow.
The arrow hits the polar bear simulacrum!
A freezing wraith comes into view.
You shoot an arrow. The arrow hits the freezing wraith.
Okay, then.
Okay, then.
Okay, then.
Okay, then.
Fire: a) +1 shortbow (elec) {Hua}
Press: ? - help, Q - select action, (/) - cycle Shift-Dir - straight line, f/p - freezing wraith
Aim: a freezing wraith (lightly damaged, 73% to hit)
You shoot an arrow.
The arrow hits the freezing wraith but does no damage.
The freezing wraith hits you but does no damage.
The freezing wraith closely misses you.
Fire: a) +1 shortbow (elec) {Hua}
Press: ? - help, Q - select action, (/) - cycle Shift-Dir - straight line, f/p - freezing wraith
Aim: a freezing wraith (lightly damaged, 73% to hit)
You shoot an arrow.
The arrow closely misses the freezing wraith.
The arrow hits the polar bear simulacrum!
Sif Muna accepts your kill. The freezing wraith barely misses you.
The freezing wraith hits you. The freezing wraith drains your vigour!
You feel yourself slow down.
An ice devil comes into view.
You take 6 damage, and have 90/96 hp.
You feel yourself speed up.
The freezing wraith barely misses you. x2
Fire: a) +1 shortbow (elec) {Hua}
Press: ? - help, Q - select action, (/) - cycle Shift-Dir - straight line, f/p - freezing wraith
Aim: a freezing wraith (lightly damaged, 73% to hit)
You shoot an arrow.
The arrow hits the freezing wraith but does no damage.
The freezing wraith hits you. The freezing wraith freezes you!
The freezing wraith hits you but does no damage.
You take 18 damage, and have 73/96 hp.
Fire: a) +1 shortbow (elec) {Hua}
Press: ? - help, Q - select action, (/) - cycle Shift-Dir - straight line, f/p - freezing wraith
Aim: a freezing wraith (lightly damaged, 73% to hit)
You shoot an arrow.
The arrow hits the freezing wraith but does no damage.
Lightning courses through the freezing wraith!
The freezing wraith hits you! The freezing wraith freezes you!
The freezing wraith hits you. The freezing wraith drains your vigour!
You feel as though you will be slow longer.
You take 31 damage, and have 42/96 hp.
MASSIVE DAMAGE!!
The freezing wraith attacks as it pursues you!
The freezing wraith hits you! The freezing wraith freezes you!
* * * LOW HITPOINT WARNING * * *
The freezing wraith hits you but does no damage.
You take 20 damage, and have 22/96 hp.
MASSIVE DAMAGE!!
The freezing wraith attacks as it pursues you!
The freezing wraith hits you.
* * * LOW HITPOINT WARNING * * *
The freezing wraith freezes you!
* * * LOW HITPOINT WARNING * * *
The freezing wraith closely misses you.
You take 14 damage, and have 8/96 hp.
Unknown command.
Okay, then.
Blink to where?
Press: ? - help, Dir - move target, p - freezing wraith
As you read the scroll of blinking {!r}, it crumbles to dust.
It was a potion of degeneration.
There was something very wrong with that liquid.
You feel weakened.
You feel dopey.
You feel clumsy.
You feel protected.
You feel yourself speed up.
A troll simulacrum, 2 ice devils, a harpy simulacrum and a polar bear simulacrum come into view.
A spriggan simulacrum comes into view.
The harpy simulacrum claws you.
* * * LOW HITPOINT WARNING * * *
The harpy simulacrum freezes you! You resist.
* * * LOW HITPOINT WARNING * * *
The harpy simulacrum barely misses you.
You take 13 damage, and have 3/96 hp.
Okay, then.
Okay, then.
The spriggan simulacrum hits you but does no damage.
The harpy simulacrum attacks as it pursues you!
The harpy simulacrum claws you.
You die...

.....°#.#..##..#.#..#
.##...###..#.........
# .###..#
#...W.≈........ ##
#4## #...#...####..#
# ..# #..Z#.........#
##....
##...#...§....#
.#....
#.W.Z###.Z#...#
.##..[##......##Z#
.##
..#.)##.4#.4...#@# #
..####..###.°°°...#
#.###...# #.§§§°...#
##..#..## ##.°☼....#
#....## #.☼....##
##..## ##.....# ####
##...## ##.##


You could see a freezing wraith, a harpy simulacrum and a spriggan simulacrum.

Vanquished Creatures
  A two-headed ogre (D:12)
  A cyclops (D:12)
  A gargoyle (D:11)
  2 kobold demonologists (D:9)
  A komodo dragon (D:11)
  3 ice devils (IceCv)
  A troll (D:10)
  A wyvern (D:9)
  30 yaks
  2 vampire mosquitoes (D:10)
  A steam dragon (D:7)
  A harpy simulacrum (IceCv)
  3 water moccasins
  A black bear (D:8)
  An ice beast (D:8)
  2 ogres
  3 centaurs
  A wolf (D:10)
  2 phantoms
  4 kobold brigands
  2 brain worms (Sewer)
  3 bullfrogs (D:7)
  A gnoll sergeant (D:6)
  2 scorpions (D:6)
  3 two-headed ogre simulacra (IceCv)
  A cane toad simulacrum (IceCv)
  3 wights (D:10)
  12 killer bees
  2 electric eels (D:8)
  9 howler monkeys
  A bombardier beetle (D:4)
  A jelly (D:7)
  A gnoll bouda (D:8)
  2 orc priests
  12 hounds
  2 iguanas
  A sleepcap (D:6)
  Natasha (thrice) (D:4)
  2 orc wizards
  3 troll simulacra (IceCv)
  2 polar bear simulacra (IceCv)
  A spriggan simulacrum (IceCv)
  A wolf simulacrum (IceCv)
  20 gnolls
  A naga simulacrum (IceCv)
  16 adders
  2 river rats (D:3)
  A shadow imp (D:8)
  2 white imps (IceCv)
  6 ufetubi
  5 ribbon worms
  4 dart slugs
  28 orcs
  4 bats
  7 endoplasms
  5 giant cockroaches
  7 hobgoblins
  10 jackals
  5 quokkas
  12 ball pythons
  14 frilled lizards
  9 goblins
  19 kobolds
  5 rats
314 creatures vanquished.

Vanquished Creatures (others)
  An ufetubus (D:7)
1 creature vanquished.

Grand Total: 315 creatures vanquished

Notes
Turn   | Place    | Note
-------+----------+-------------------------------------------
     0 | D:1      | HilariousDeathArtist the Coglin Wanderer began the quest
                  | for the Orb.
     0 | D:1      | HilariousDeathArtist set off with the following items: a +1
                  | shortbow {Hua}, a +0 helmet, a scroll of fog, a +0 leather
                  | armour.
     0 | D:1      | Reached XP level 1. HP: 18/18 MP: 1/1
    81 | D:1      | Reached XP level 2. HP: 24/24 MP: 2/2
   212 | D:2      | HP: 6/24 [rat (2)]
   217 | D:2      | HP: 3/24 [jackal (3)]
   227 | D:2      | Reached XP level 3. HP: 21/29 MP: 3/3
   247 | D:2      | Reached skill level 5 in Ranged Weapons
   310 | D:2      | Found Ruatwafa's Weapon Emporium.
   677 | D:1      | Reached XP level 4. HP: 37/37 MP: 4/4
   769 | D:1      | Reached skill level 4 in Fighting
  1217 | D:2      | Found a faded altar of an unknown god.
  1300 | D:2      | Prayed at the altar of an unknown god.
  1300 | D:2      | Became a worshipper of Sif Muna the Loreminder
  1300 | D:2      | Reached * piety under Sif Muna
  1747 | D:3      | Reached XP level 5. HP: 43/43 MP: 5/5
  1845 | D:3      | Found a glowing drain.
  1853 | Sewer    | Entered a sewer
  2005 | Sewer    | Reached skill level 5 in Fighting
  2005 | Sewer    | Reached XP level 6. HP: 26/51 MP: 2/6
  2159 | Sewer    | Reached skill level 6 in Ranged Weapons
  2163 | Sewer    | Reached ** piety under Sif Muna
  3247 | D:4      | Noticed Natasha
  3253 | D:4      | Killed Natasha
  3262 | D:4      | Noticed Natasha
  3275 | D:4      | Killed Natasha
  3276 | D:4      | Reached XP level 7. HP: 34/57 MP: 7/7
  3556 | D:4      | Noticed Natasha
  3560 | D:4      | Killed Natasha
  3561 | D:4      | Reached skill level 6 in Fighting
  4159 | D:5      | Entered Level 5 of the Dungeon
  4323 | D:5      | Reached skill level 7 in Ranged Weapons
  4587 | D:5      | Reached *** piety under Sif Muna
  4687 | D:6      | Reached skill level 7 in Fighting
  4687 | D:6      | Reached XP level 8. HP: 63/67 MP: 8/8
  4900 | D:6      | Identified the +2 robe of Fedhas's Respect {^Drain +Blink
                  | rN++ Will- Int+3}
  5297 | D:6      | Found a staircase to the Ecumenical Temple.
  5339 | D:6      | Reached skill level 8 in Ranged Weapons
  5919 | D:7      | Reached skill level 8 in Fighting
  6071 | D:7      | Reached XP level 9. HP: 39/75 MP: 9/9
  6638 | D:7      | Found a glowing golden altar of the Shining One.
  6698 | D:7      | Reached skill level 9 in Fighting
  6698 | D:7      | Reached skill level 9 in Ranged Weapons
  7303 | D:8      | Reached **** piety under Sif Muna
  7361 | D:8      | Reached skill level 10 in Fighting
  7374 | D:8      | HP: 16/78 [yak (10)]
  7382 | D:8      | Reached skill level 10 in Ranged Weapons
  7387 | D:8      | Reached XP level 10. HP: 40/85 MP: 10/10
  7402 | D:8      | Found Lufay's Armour Shoppe.
  8007 | D:8      | Reached skill level 11 in Fighting
  8468 | D:8      | Reached skill level 11 in Ranged Weapons
  8667 | D:8      | Identified the +4 plate armour "Gigiadi" {rPois Str+4
                  | Stlth-}
  8836 | D:8      | Found Imum's Antique Weapon Boutique.
  8840 | D:8      | Bought a glowing orcbow for 136 gold pieces
  9253 | D:9      | Noticed a kobold demonologist
  9270 | D:9      | Noticed a soul eater
  9272 | D:9      | Killed a kobold demonologist
  9273 | D:9      | Reached XP level 11. HP: 95/95 MP: 11/11
  9543 | D:9      | Reached ***** piety under Sif Muna
  9544 | D:9      | Reached skill level 12 in Ranged Weapons
  9980 | D:9      | Found a blossoming altar of Fedhas.
  9987 | D:9      | Found a shadowy altar of Dithmenos.
 10115 | D:10     | Entered Level 10 of the Dungeon
 10476 | D:10     | Found a transporter.
 10478 | D:10     | Noticed a two-headed ogre
 10478 | D:10     | Noticed a two-headed ogre
 10478 | D:10     | Identified the +4 giant club of Kismet {freeze, rF+ rC+}
 10478 | D:10     | Identified the +3 great mace of Conformity {flame, *Rage
                  | rElec Int+5}
 10478 | D:10     | Noticed a two-headed ogre
 10478 | D:10     | Noticed scarr's ghost (journeyman DrAE)
 10483 | D:10     | Noticed a two-headed ogre
 10490 | D:10     | Reached skill level 12 in Fighting
 10531 | D:10     | Found a runed translucent gate.
 10531 | D:10     | Found a runed translucent gate.
 10605 | D:10     | Reached skill level 2 in Dodging
 10623 | D:10     | HP: 20/95 [yak (5)]
 10744 | D:10     | HP: 19/95 [vampire mosquito (9)]
 10747 | D:10     | HP: 6/95 [vampire mosquito (10)]
 10752 | D:10     | HP: 13/95 [vampire mosquito (2)]
 10963 | D:10     | Noticed Maggie
 11211 | D:11     | Reached skill level 3 in Dodging
 11399 | D:11     | Noticed Fannar
 11439 | D:12     | Noticed a cyclops
 11450 | D:12     | HP: 8/96 [cyclops (17)]
 11451 | D:12     | Killed a cyclops
 11452 | D:12     | Reached skill level 13 in Ranged Weapons
 11660 | D:12     | Noticed a two-headed ogre
 11666 | D:12     | Killed a two-headed ogre
 11726 | D:12     | Found a frozen archway.
 11738 | IceCv    | Entered an ice cave
 11798 | IceCv    | Received a gift from Sif Muna
 12108 | IceCv    | HP: 11/96 [ice statue/bolt of cold (36)]
 12421 | IceCv    | HP: 13/96 [ice devil (19)]
 12714 | IceCv    | HP: 22/96 [freezing wraith (14)]
 12715 | IceCv    | HP: 8/96 [freezing wraith (9)]
 12742 | IceCv    | HP: 13/96 [harpy simulacrum (4)]
 12742 | IceCv    | HP: 3/96 [harpy simulacrum (10)]
 12744 | IceCv    | Slain by a harpy simulacrum

Illustrated notes

Levels and vault maps discovered:
D:1:      eino_arrival_tree_alley, layout_loops_ring, corexii_corridor_pit
D:2:      layout_basic, nicolae_ecumenical_oubliette, serial_glass,
          glass_columns_a, glass_columns_a, glass_columns_c, serial_shops, shop
D:3:      layout_loops_ring, lightli_sewer_entry_pipes
D:4:      nicolae_BIG_FREAKIN_CUBE, layout_basic, uniq_natasha
D:5:      layout_basic, minmay_misc_feat_room
D:6:      layout_loops_ring, minmay_temple_entry_large_hall
D:7:      nicolae_whirlpool, layout_loops_ring, tso_oasis_becter,
          chequers_arboretum
D:8:      layout_cave_pools, serial_gnoll_camp, gnoll_camp_mini_shop,
          gnoll_camp_mini_doghouse, gnoll_camp_mini_hut,
          gnoll_camp_mini_doghouse, gnoll_camp_mini_basic, gnoll_camp_mini_shop,
          serial_bayou_lagoon_a
D:9:      nicolae_cairo_tiling_very_big, layout_irregular_city, minitemple
D:10:     cheibrodos_iron_armory, layout_cave_pools,
          chequers_temple_overflow_statue_of_worship, erik_lair_island,
          gammafunk_ghost_smash, uniq_maggie
D:11:     layout_basic, serial_shops, shop,
          minmay_guarded_unrand_staff_of_olgreb, uniq_fannar
D:12:     layout_long_grid, erik_orc_1, portal_ice_cave_entry_pillars_2
IceCv:    ice_cave_small_demon

Skill      XL: |  1  2  3  4  5  6  7  8  9 10 11 |
---------------+----------------------------------+-----
Ranged Weapons | 5 6 7 8 10 11 13 | 13.4
Fighting       | 4 5 7 8 10 11 12 | 12.6
Dodging        | 3 |  3.9

Action                     |  1- 3 |  4- 6 |  7- 9 | 10-12 || total
---------------------------+-------+-------+-------+-------++-------
  Melee: Shortbow          |       |       |       |     2 ||     2
   Fire: Shortbow          |   105 |   274 |   356 |   516 ||  1251
  Evoke: Wand              |       |       |       |     7 ||     7
    Use: Potion            |     1 |       |     2 |     9 ||    12
         Scroll            |       |     6 |     5 |    11 ||    22
 Armour: Leather armour    |    15 |       |       |       ||    15
         Scale mail        |    38 |   143 |   297 |   393 ||   871
  Dodge: Dodged            |    32 |    75 |   147 |   189 ||   443

Table legend: (Time is in decaauts)
 A = Elapsed time spent in this place.
 B = Non-inter-level travel time spent in this place.
 C = Inter-level travel time spent in this place.
 D = Time resting spent in this place.
 E = Time spent auto-exploring this place.
 F = Levels seen in this place.
 G = Mean time per level.
                   A        B        C        D        E       F      G
               +--------+--------+--------+--------+--------+-----+--------+
         Total |  13091 |  12609 |    482 |    940 |   9053 |  14 |  935.1 |
       Dungeon |  11486 |  11004 |    482 |    455 |   8430 |  12 |  957.2 |
         Sewer |    621 |    621 |      0 |      0 |    395 |   1 |  621.0 |
      Ice Cave |    983 |    983 |      0 |    485 |    227 |   1 |  983.0 |
               +--------+--------+--------+--------+--------+-----+--------+

Top non-repeatable levels by time:
     D:8: 2065 daAuts
     D:9: 1495 daAuts
     D:6: 1229 daAuts
     D:4: 1101 daAuts
     D:7: 1096 daAuts
     D:2: 1029 daAuts
     D:3: 1016 daAuts
   IceCv: 983 daAuts
     D:1: 654 daAuts
   Sewer: 621 daAuts
     D:5: 536 daAuts
    D:10: 495 daAuts
    D:11: 433 daAuts
    D:12: 333 daAuts

Levels and vault maps discovered:
D:1:      eino_arrival_tree_alley, layout_loops_ring, corexii_corridor_pit
D:2:      layout_basic, nicolae_ecumenical_oubliette, serial_glass,
          glass_columns_a, glass_columns_a, glass_columns_c, serial_shops, shop
D:3:      layout_loops_ring, lightli_sewer_entry_pipes
D:4:      nicolae_BIG_FREAKIN_CUBE, layout_basic, uniq_natasha
D:5:      layout_basic, minmay_misc_feat_room
D:6:      layout_loops_ring, minmay_temple_entry_large_hall
D:7:      nicolae_whirlpool, layout_loops_ring, tso_oasis_becter,
          chequers_arboretum
D:8:      layout_cave_pools, serial_gnoll_camp, gnoll_camp_mini_shop,
          gnoll_camp_mini_doghouse, gnoll_camp_mini_hut,
          gnoll_camp_mini_doghouse, gnoll_camp_mini_basic, gnoll_camp_mini_shop,
          serial_bayou_lagoon_a
D:9:      nicolae_cairo_tiling_very_big, layout_irregular_city, minitemple
D:10:     cheibrodos_iron_armory, layout_cave_pools,
          chequers_temple_overflow_statue_of_worship, erik_lair_island,
          gammafunk_ghost_smash, uniq_maggie
D:11:     layout_basic, serial_shops, shop,
          minmay_guarded_unrand_staff_of_olgreb, uniq_fannar
D:12:     layout_long_grid, erik_orc_1, portal_ice_cave_entry_pillars_2
IceCv:    ice_cave_small_demon

Table legend: (Time is in decaauts)
 A = Elapsed time spent in this place.
 B = Non-inter-level travel time spent in this place.
 C = Inter-level travel time spent in this place.
 D = Time resting spent in this place.
 E = Time spent auto-exploring this place.
 F = Levels seen in this place.
 G = Mean time per level.
                   A        B        C        D        E       F      G
               +--------+--------+--------+--------+--------+-----+--------+
         Total |  13091 |  12609 |    482 |    940 |   9053 |  14 |  935.1 |
       Dungeon |  11486 |  11004 |    482 |    455 |   8430 |  12 |  957.2 |
         Sewer |    621 |    621 |      0 |      0 |    395 |   1 |  621.0 |
      Ice Cave |    983 |    983 |      0 |    485 |    227 |   1 |  983.0 |
               +--------+--------+--------+--------+--------+-----+--------+

Top non-repeatable levels by time:
     D:8: 2065 daAuts
     D:9: 1495 daAuts
     D:6: 1229 daAuts
     D:4: 1101 daAuts
     D:7: 1096 daAuts
     D:2: 1029 daAuts
     D:3: 1016 daAuts
   IceCv: 983 daAuts
     D:1: 654 daAuts
   Sewer: 621 daAuts
     D:5: 536 daAuts
    D:10: 495 daAuts
    D:11: 433 daAuts
    D:12: 333 daAuts

Table legend:
 A = Kills in this place as a percentage of kills in the entire game.
 B = Kills by you in this place as a percentage of kills by you in the entire game.
 C = Kills by friends in this place as a percentage of kills by friends in the entire game.
 D = Other kills in this place as a percentage of other kills in the entire game.
 E = Experience gained in this place as a percentage of experience gained in the entire game.
 F = Experience gained in this place divided by the number of levels of this place that you have seen.
                   A       B       C       D       E      F
               +-------+-------+-------+-------+-------+----------------------
         Total | 100.0 | 100.0 |   N/A |   N/A | 100.0 | 1289.1
       Dungeon |  88.5 |  88.5 |   N/A |   N/A |  88.6 | 1332.3
         Sewer |   5.4 |   5.4 |   N/A |   N/A |   1.4 | 258.0
      Ice Cave |   6.1 |   6.1 |   N/A |   N/A |  10.0 | 1802.0
               +-------+-------+-------+-------+-------+----------------------
